 Dungeon Crawl Stone Soup version 0.19.5 (webtiles) character file.

83 StormFighter the Chopper (level 4, -3/37 HPs)
             Began as a Minotaur Gladiator on Sept 18, 2017.
             Slain by Rhok's ghost (6 damage)
             ... on level 3 of the Dungeon.
             The game lasted 00:03:00 (1307 turns).

StormFighter the Chopper (Minotaur Gladiator)       Turns: 1307, Time: 00:03:01

Health: -3/37      AC:  5    Str: 20    XL:     4   Next: 22%
Magic:  3/3        EV: 12    Int:  5    God:
Gold:   64         SH:  0    Dex: 11    Spells: 0 memorised, 3 levels left

rFire  + . .     SeeInvis .     a - +0 war axe
rCold  + . .     Gourm    .     m - +0 ring mail
rNeg   . . .     Faith    .     (no shield)
rPois  +         Spirit   .     c - +0 hat
rElec  +         Reflect  .     (no cloak)
rCorr  +         Harm     .     (no gloves)
MR     .....                    (no boots)
Stlth  ++........               (no amulet)
                                (no ring)
                                u - ring of stealth

@: resistant
A: retaliatory headbutt, horns 2
a: no special abilities


You were on level 3 of the Dungeon.
You were not hungry.

You visited 1 branch of the dungeon, and saw 3 of its levels.

You collected 64 gold pieces.

Inventory:

Hand Weapons
 a - a +0 war axe (weapon)
Armour
 c - a +0 hat (worn)
 m - a +0 ring mail (worn)
Jewellery
 u - a ring of stealth (left hand)
Scrolls
 b - a scroll of fear {unknown}
 n - 2 scrolls of remove curse {unknown}
 o - a scroll of teleportation {unknown}
 p - a scroll of blinking {unknown}
 q - 2 scrolls of identify {unknown}
 r - 2 scrolls of enchant armour {unknown}
 t - a scroll of amnesia {unknown}
Potions
 e - 3 potions of curing {unknown}
 g - 2 potions of brilliance {unknown}
 k - 2 potions of agility {unknown}
 l - a potion of magic {unknown}
 x - a potion of might {unknown}
Comestibles
 f - 2 bread rations
 h - 2 meat rations
 i - 10 fruits
 j - a royal jelly
 v - 2 chunks of flesh
 w - a slice of pizza


   Skills:
 - Level 2.4 Fighting
 + Level 6.1 Axes
 - Level 2.0 Throwing
 - Level 3.2 Dodging


You had 3 spell levels left.
You didn't know any spells.

Dungeon Overview and Level Annotations

Branches:
Dungeon (3/15)

Altars:
Hepliaklqana
Makhleb
Sif Muna
Trog
The Shining One

Annotations:
D:3 Rhok's ghost, amateur DsFi


Innate Abilities, Weirdness & Mutations

You reflexively headbutt those who attack you in melee.
You have a pair of horns on your head.


Message History

Rhok's ghost hits you but does no damage.
Rhok's ghost misses you.
You slash Rhok's ghost!
Rhok's ghost is heavily damaged.
Rhok's ghost hits you.
You hit Rhok's ghost.
You headbutt Rhok's ghost, but do no damage.
Rhok's ghost is heavily damaged.
Rhok's ghost hits you.
* * * LOW HITPOINT WARNING * * *
You slash Rhok's ghost!
You headbutt Rhok's ghost, but do no damage.
Rhok's ghost is severely damaged.
Rhok's ghost hits you!
* * * LOW HITPOINT WARNING * * *
Okay, then.
It was a potion of resistance.
You feel protected. Rhok's ghost hits you.
You die...

#.. ...# #.. #.## #.###.#
########.##.##...... #.
....#.##.........
#.###..#.#####.##...
#.#.........##.#####
#...............####
###.##......#))#.##......
........@...#..#.###.####
.##.###W##.....)..##.# # ## .
#r##.##.)#..##.# # ...
#(##.##......†.# #
###...########.......##..####
#.#.#.#.#.#.....#.##.###.#
$....<.[...†...#.##.# #...
#.#.#.#.#.......##. #....
........r.....####. #....>.


You could see Rhok's ghost and a rat.

Vanquished Creatures
  3 adders (D:2)
  2 worms (D:2)
  A dart slug (D:1)
  5 orcs (D:3)
  6 bats
  2 giant cockroaches (D:3)
  7 goblins
  5 hobgoblins
  2 ball pythons (D:2)
  5 kobolds
  2 rats (D:1)
40 creatures vanquished.

Notes
Turn   | Place    | Note
-------+----------+-------------------------------------------
     0 | D:1      | StormFighter the Minotaur Gladiator began the quest for the Orb.
     0 | D:1      | Reached XP level 1. HP: 18/18 MP: 0/0
   106 | D:1      | Reached skill level 4 in Axes
   469 | D:1      | Reached XP level 2. HP: 25/25 MP: 1/1
   762 | D:2      | Reached skill level 5 in Axes
   804 | D:2      | Reached XP level 3. HP: 22/30 MP: 2/2
  1217 | D:2      | You fall through a shaft!
  1217 | D:3      | Found a deep blue altar of Sif Muna.
  1217 | D:3      | Found a hazy altar of Hepliaklqana.
  1217 | D:3      | Found a bloodstained altar of Trog.
  1219 | D:3      | Found a burning altar of Makhleb.
  1223 | D:3      | Found a glowing golden altar of the Shining One.
  1248 | D:3      | Reached XP level 4. HP: 37/37 MP: 3/3
  1260 | D:3      | Reached skill level 6 in Axes
  1283 | D:3      | Noticed Rhok's ghost (amateur DsFi)
  1307 | D:3      | Slain by Rhok's ghost

Skill      XL: |  1  2  3  4 |
---------------+-------------+-----
Axes           | 4 5 6 |  6.1
Fighting       | |  2.4
Throwing       | |  2.0
Dodging        | |  3.2

Action                   |  1- 3 |  4- 6 || total
-------------------------+-------+-------++-------
Melee: War axe           |    68 |    16 ||    84
       Headbutt          |     8 |     3 ||    11
Throw: Throwing net      |       |     3 ||     3
  Use: Potion            |       |     1 ||     1
  Eat: Chunk             |     1 |       ||     1
Armor: Leather armour    |     1 |       ||     1
       Ring mail         |    33 |     7 ||    40
Dodge: Dodged            |    57 |    11 ||    68
